 Dungeon Crawl Stone Soup version 0.22.1-1-ga44c0e5 (webtiles) character file.

38 magicm the Charmwright (level 3, -3/30 HPs)
             Began as a Draconian Skald on Nov 11, 2018.
             Was an Initiate of the Shining One.
             Slain by Natasha (5 damage)
             ... on level 2 of the Dungeon.
             The game lasted 00:05:10 (780 turns).

magicm the Charmwright (Draconian Skald)             Turns: 780, Time: 00:05:11

Health: -3/30      AC:  5    Str: 13    XL:     3   Next: 25%
Magic:  2/6        EV: 12    Int: 18    God:    the Shining One [......]
Gold:   57         SH:  0    Dex: 11    Spells: 5/6 levels left

rFire    . . .     SeeInvis .   a - +0 falchion
rCold    . . .     Gourm    .   (no shield)
rNeg     . . .     Faith    .   (armour unavailable)
rPois    .         Spirit   .   (helmet restricted)
rElec    .         Reflect  .   (no cloak)
rCorr    .         Harm     .   (no gloves)
MR       .....                  (no boots)
Stlth    +.........             (no amulet)
HPRegen  0.10/turn              (no ring)
MPRegen  0.10/turn              (no ring)

@: brilliant, slowed, glowing, very slow
A: unfitting armour, cold-blooded, AC +5
a: Renounce Religion


You were on level 2 of the Dungeon.
You worshipped the Shining One.
The Shining One was noncommittal.
You were not hungry.

You visited 1 branch of the dungeon, and saw 2 of its levels.

You collected 57 gold pieces.

Inventory:

Hand Weapons
 a - a +0 falchion (weapon)
Scrolls
 e - a scroll of fog
Comestibles
 c - 4 rations


   Skills:
 + Level 2.3 Fighting
 + Level 2.2 Long Blades
 + Level 2.5 Dodging
 + Level 2.4 Spellcasting
 + Level 3.1 Charms


You had 5 spell levels left.
You knew the following spells:

 Your Spells              Type           Power        Failure   Level  Hunger
a - Infusion              Chrm           ###.         1%          1    #......

Your spell library contained the following spells:

 Spells                   Type           Power        Failure   Level  Hunger
 Shroud of Golubria       Chrm/Tloc      ###.......   1%          2    ##.....
 Song of Slaying          Chrm           ###.....     1%          2    ##.....
 Regeneration             Chrm/Necr      ###.......   3%          3    ###....
 Spectral Weapon          Hex/Chrm       ###.....     3%          3    ###....


Dungeon Overview and Level Annotations

Branches:
Dungeon (2/15)

Altars:
Gozag
The Shining One

Annotations:
D:2 Natasha


Innate Abilities, Weirdness & Mutations

Your plain brown scales are hard. (AC +5)
You cannot fit into any form of body armour.
You are cold-blooded and may be slowed by cold attacks.


Message History

The shadow imp hits you.
* * * LOW HITPOINT WARNING * * *
You hit the shadow imp.
The shadow imp is almost dead.
Your magical infusion is running out.
The shadow imp gestures at you. Pain shoots through your body!
The Shining One protects you from harm!
You hit the shadow imp.
You kill the shadow imp!
You barely miss Natasha.
Your tail-slap misses Natasha.
Natasha stares at you and mumbles some strange words.
You feel yourself slow down. Natasha misses you.
You riposte.
You closely miss Natasha. You barely miss Natasha. Natasha closely misses you.
You closely miss Natasha.
Your tail-slap misses Natasha.
You are no longer magically infusing your attacks.
Natasha closely misses you.
You riposte.
You closely miss Natasha. Natasha claws you.
You die...

.## ... ##$$
.#.$_$#########.#
...$$5h@.........
#########.######
#####.# ..##.#
#######.##.#
......#.##.#
#..........#
.....#†#..# #
...#.#.#..#


You could see Natasha and a white imp.

Vanquished Creatures
  A worm (D:2)
  2 dart slugs (D:1)
  3 leopard geckos (D:1)
  A ball python (D:2)
  2 goblins (D:1)
  7 hobgoblins (D:1)
  2 jackals (D:1)
  3 bats (D:1)
  A frilled lizard (D:1)
  3 kobolds (D:1)
  A rat (D:1)
26 creatures vanquished.

Notes
Turn   | Place    | Note
-------+----------+-------------------------------------------
     0 | D:1      | magicm the Draconian Skald began the quest for the Orb.
     0 | D:1      | Reached XP level 1. HP: 17/17 MP: 3/3
   246 | D:1      | Reached XP level 2. HP: 12/24 MP: 5/5
   255 | D:1      | Reached skill level 3 in Charms
   493 | D:1      | Reached XP level 3. HP: 24/30 MP: 6/6
   532 | D:1      | Found a glowing golden altar of the Shining One.
   546 | D:1      | Became a worshipper of the Shining One
   763 | D:2      | Found an opulent altar of Gozag.
   763 | D:2      | Noticed Natasha
   775 | D:2      | HP: 1/30 [shadow imp[Natasha] (1)]
   776 | D:2      | The Shining One protects you from harm!
   780 | D:2      | Slain by Natasha

Skill      XL: |  1  2 |
---------------+-------+-----
Charms         | 3 |  3.1
Fighting       | |  2.3
Long Blades    | |  2.2
Dodging        | |  2.5
Spellcasting   | |  2.4

Action                   || total
-------------------------++-------
Melee: Falchion          ||    90
       Tailslap          ||     9
 Cast: Infusion          ||     6
  Use: Scroll            ||     4
       Potion            ||     2
Armor: Skin              ||    23
Dodge: Dodged            ||    69
       Rpst.: Falchion   ||    26
